| TOP OF THE 1ST |
|
Scranton WB RailRiders batting - Pitching for Buffalo Bisons : RHP Taek-gyun Kym
|
|
Pitching: RHP Taek-gyun Kym
|
|
|
Batting: RHB Devon Utley
|
0-0: Fly out, F5 (Popup, 5F, EV 77.5 MPH)
|
|
Batting: RHB Andy Wasierski
|
0-0: Called Strike 0-1: Fly out, F8 (Line Drive, 8RD, EV 90.6 MPH)
|
|
Batting: SHB Victor Ruiz
|
0-0: Called Strike 0-1: Ball 1-1: Foul Ball, location: 2F 1-2: Foul Ball, location: 2F 1-2: Ball 2-2: Foul Ball, location: 2F 2-2: Ground out 4-3 (Groundball, 4, EV 93.8 MPH)
|
| Top of the 1st over - 0 runs, 0 hits, 0 errors, 0 left on base; Scranton WB 0 - Buffalo 0 |
| BOTTOM OF THE 1ST |
|
Buffalo Bisons batting - Pitching for Scranton WB RailRiders : RHP Leo Gonzales
|
|
Pitching: RHP Leo Gonzales
|
|
|
Batting: SHB Bran Stark
|
0-0: Called Strike 0-1: Ball 1-1: Foul Ball, location: 2F 1-2: Ball 2-2: Foul Ball, location: 2F 2-2: Ball 3-2: Ground out 4-3 (Groundball, 4, EV 80.0 MPH)
|
|
Batting: RHB Alex Ramos
|
0-0: Ball 1-0: Called Strike 1-1: Foul Ball, location: 2F 1-2: Ball 2-2: Strikes out swinging
|
|
Batting: RHB Bill Murray
|
0-0: Swinging Strike 0-1: Ball 1-1: Fly out, F9 (Flyball, 89S, EV 82.5 MPH)
|
| Bottom of the 1st over - 0 runs, 0 hits, 0 errors, 0 left on base; Scranton WB 0 - Buffalo 0 |
| TOP OF THE 2ND |
|
Scranton WB RailRiders batting - Pitching for Buffalo Bisons : RHP Taek-gyun Kym
|
|
Batting: SHB Ryan Buchbinder
|
0-0: Ball 1-0: Ball 2-0: Ball 3-0: Base on Balls
|
|
Batting: RHB Eric Davis
|
0-0: Ball 1-0: Ball 2-0: Grounds into double play, 4-6-3 (Groundball, 34, EV 77.5 MPH)
|
|
Batting: LHB Aaron Joyner
|
0-0: Called Strike 0-1: Foul Ball, location: 2F 0-2: Ball 1-2: Ball 2-2: Strikes out swinging
|
| Top of the 2nd over - 0 runs, 0 hits, 0 errors, 0 left on base; Scranton WB 0 - Buffalo 0 |
| BOTTOM OF THE 2ND |
|
Buffalo Bisons batting - Pitching for Scranton WB RailRiders : RHP Leo Gonzales
|
|
Batting: LHB Isto Mäyrä
|
0-0: Called Strike 0-1: Ball 1-1: Ball 2-1: Foul Ball, location: 2F 2-2: Ground out 5-3 (Groundball, 56, EV 103.8 MPH)
|
|
Batting: RHB Zhi-bin Ou-yang
|
0-0: Ground out 3-1 (Groundball, 34S, EV 80.0 MPH)
|
|
Batting: RHB Francisco Hernandez
|
0-0: Swinging Strike 0-1: Called Strike 0-2: Foul Ball, location: 2F 0-2: Ball 1-2: Strikes out looking
|
| Bottom of the 2nd over - 0 runs, 0 hits, 0 errors, 0 left on base; Scranton WB 0 - Buffalo 0 |
| TOP OF THE 3RD |
|
Scranton WB RailRiders batting - Pitching for Buffalo Bisons : RHP Taek-gyun Kym
|
|
Batting: SHB Joe Fure
|
0-0: Called Strike 0-1: Swinging Strike 0-2: Strikes out looking
|
|
Batting: RHB Mike Gifford
|
0-0: Ball 1-0: Foul Ball, location: 2F 1-1: Foul Ball, location: 2F 1-2: Strikes out swinging
|
|
Batting: RHB Jerry Castro
|
0-0: Foul Ball, location: 2F 0-1: Ball 1-1: Ball 2-1: Swinging Strike 2-2: Ball 3-2: Foul Ball, location: 2F 3-2: Strikes out swinging
|
| Top of the 3rd over - 0 runs, 0 hits, 0 errors, 0 left on base; Scranton WB 0 - Buffalo 0 |
| BOTTOM OF THE 3RD |
|
Buffalo Bisons batting - Pitching for Scranton WB RailRiders : RHP Leo Gonzales
|
|
Batting: RHB Danny Heyer
|
0-0: Ball 1-0: Swinging Strike 1-1: Ball 2-1: Foul Ball, location: 2F 2-2: Ball 3-2: Fly out, F9 (Flyball, 9LSF, EV 93.8 MPH)
|
|
Batting: RHB Leo Mair
|
0-0: Called Strike 0-1: Ball 1-1: Ball 2-1: Foul Ball, location: 2F 2-2: Ball 3-2: Foul Ball, location: 2F 3-2: Base on Balls
|
|
Batting: RHB Kyle Davis
|
0-0: Ball Leo Mair steals 2nd base 1-0: Ball 2-0: Ball 3-0: Called Strike 3-1: Swinging Strike 3-2: Strikes out swinging
|
|
Batting: SHB Bran Stark
|
0-0: Ball 1-0: DOUBLE (Line Drive, 7LM, EV 110.0 MPH) Leo Mair scores
|
|
Batting: RHB Alex Ramos
|
0-0: Ball 1-0: Ball 2-0: Foul Ball, location: 2F 2-1: Ball 3-1: Called Strike 3-2: DOUBLE (Line Drive, 7LM, EV 113.8 MPH) Bran Stark scores
|
|
Batting: RHB Bill Murray
|
0-0: Foul Ball, location: 2F 0-1: Ball 1-1: Swinging Strike 1-2: Strikes out swinging
|
| Bottom of the 3rd over - 2 runs, 2 hits, 0 errors, 1 left on base; Scranton WB 0 - Buffalo 2 |
| TOP OF THE 4TH |
|
Scranton WB RailRiders batting - Pitching for Buffalo Bisons : RHP Taek-gyun Kym
|
|
Batting: RHB Devon Utley
|
0-0: Ball 1-0: Foul Ball, location: 2F 1-1: Ball 2-1: Foul Ball, location: 2F 2-2: Ground out 6-3 (Groundball, 6, EV 101.9 MPH)
|
|
Batting: RHB Andy Wasierski
|
0-0: Fly out, F2 (Popup, 23F, EV 85.0 MPH)
|
|
Batting: SHB Victor Ruiz
|
0-0: Foul Ball, location: 2F 0-1: Called Strike 0-2: Ball 1-2: Ball 2-2: Ball 3-2: SINGLE (Groundball, 4D, EV 101.2 MPH)
|
|
Batting: SHB Ryan Buchbinder
|
0-0: Ground out U3 (Groundball, 3, EV 85.6 MPH)
|
| Top of the 4th over - 0 runs, 1 hit, 0 errors, 1 left on base; Scranton WB 0 - Buffalo 2 |
| BOTTOM OF THE 4TH |
|
Buffalo Bisons batting - Pitching for Scranton WB RailRiders : RHP Leo Gonzales
|
|
Batting: LHB Isto Mäyrä
|
0-0: Called Strike 0-1: Ball 1-1: Foul Ball, location: 2F 1-2: Fly out, F8 (Flyball, 8LM, EV 84.4 MPH)
|
|
Batting: RHB Zhi-bin Ou-yang
|
0-0: Swinging Strike 0-1: Foul Ball, location: 2F 0-2: Hit by Pitch
|
|
Batting: RHB Francisco Hernandez
|
0-0: Fielders Choice at 2nd, 5-4 (Groundball, 56, EV 83.8 MPH)
|
|
Batting: RHB Danny Heyer
|
0-0: Called Strike 0-1: Ball 1-1: Called Strike 1-2: Strikes out swinging
|
| Bottom of the 4th over - 0 runs, 0 hits, 0 errors, 1 left on base; Scranton WB 0 - Buffalo 2 |
| TOP OF THE 5TH |
|
Scranton WB RailRiders batting - Pitching for Buffalo Bisons : RHP Taek-gyun Kym
|
|
Batting: RHB Eric Davis
|
0-0: Called Strike 0-1: Ground out 5-3 (Groundball, 56, EV 100.0 MPH)
|
|
Batting: LHB Aaron Joyner
|
0-0: Ball 1-0: Ball 2-0: Called Strike 2-1: Foul Ball, location: 2F 2-2: Foul Ball, location: 2F 2-2: Strikes out swinging
|
|
Batting: SHB Joe Fure
|
0-0: Swinging Strike 0-1: Ground out U3 (Groundball, 3S, EV 71.9 MPH)
|
| Top of the 5th over - 0 runs, 0 hits, 0 errors, 0 left on base; Scranton WB 0 - Buffalo 2 |
| BOTTOM OF THE 5TH |
|
Buffalo Bisons batting - Pitching for Scranton WB RailRiders : RHP Leo Gonzales
|
|
Batting: RHB Leo Mair
|
0-0: Called Strike 0-1: Ball 1-1: Swinging Strike 1-2: Ground out 5-3 (Groundball, 56, EV 101.2 MPH)
|
|
Batting: RHB Kyle Davis
|
0-0: Fly out, F9 (Flyball, 9S, EV 88.1 MPH)
|
|
Batting: SHB Bran Stark
|
0-0: SINGLE (Groundball, 6, EV 96.9 MPH)
|
|
Batting: RHB Alex Ramos
|
0-0: Ball 1-0: Ball 2-0: Ball Bran Stark steals 2nd base 3-0: Fly out, F8 (Flyball, 8LD, EV 78.8 MPH)
|
| Bottom of the 5th over - 0 runs, 1 hit, 0 errors, 1 left on base; Scranton WB 0 - Buffalo 2 |
| TOP OF THE 6TH |
|
Scranton WB RailRiders batting - Pitching for Buffalo Bisons : RHP Taek-gyun Kym
|
|
Batting: RHB Mike Gifford
|
0-0: Foul Ball, location: 2F 0-1: Fly out, F8 (Flyball, 8LD, EV 103.1 MPH)
|
|
Batting: RHB Jerry Castro
|
0-0: Called Strike 0-1: Called Strike 0-2: Ball 1-2: Ground out 5-3 (Groundball, 56S, EV 89.4 MPH)
|
|
Batting: RHB Devon Utley
|
0-0: Called Strike 0-1: Ball 1-1: Ground out 6-3 (Groundball, 6S, EV 66.2 MPH)
|
| Top of the 6th over - 0 runs, 0 hits, 0 errors, 0 left on base; Scranton WB 0 - Buffalo 2 |
| BOTTOM OF THE 6TH |
|
Buffalo Bisons batting - Pitching for Scranton WB RailRiders : RHP Leo Gonzales
|
|
Batting: RHB Bill Murray
|
0-0: Ball 1-0: Foul Ball, location: 2F 1-1: Foul Ball, location: 2F 1-2: Foul Ball, location: 2F 1-2: Foul Ball, location: 2F 1-2: Foul Ball, location: 2F 1-2: Ground out 6-3 (Groundball, 6S, EV 93.1 MPH)
|
|
Batting: LHB Isto Mäyrä
|
0-0: Ball 1-0: Foul Ball, location: 2F 1-1: Ball 2-1: SINGLE (Groundball, 4M, EV 104.4 MPH) (infield hit)
|
|
Batting: RHB Zhi-bin Ou-yang
|
0-0: Ball 1-0: Ball 2-0: Swinging Strike 2-1: Reached on error, E6 (Groundball, 6, EV 87.5 MPH) Isto Mäyrä to second
|
|
Batting: RHB Francisco Hernandez
|
0-0: Foul Ball, location: 2F 0-1: Swinging Strike 0-2: Ball 1-2: Strikes out swinging
|
|
Batting: RHB Danny Heyer
|
0-0: Ball 1-0: Foul Ball, location: 2F 1-1: Swinging Strike 1-2: Foul Ball, location: 2F 1-2: Ground out 4-3 (Groundball, 4S, EV 67.5 MPH)
|
| Bottom of the 6th over - 0 runs, 1 hit, 1 error, 2 left on base; Scranton WB 0 - Buffalo 2 |
| TOP OF THE 7TH |
|
Scranton WB RailRiders batting - Pitching for Buffalo Bisons : RHP Taek-gyun Kym
|
|
Now at 2B: Jamie Ogilvie
|
|
|
Now in RF: Väinö Tapaninen
|
|
|
Batting: RHB Andy Wasierski
|
0-0: SOLO HOME RUN (Flyball, 89XD, EV 98.8 MPH), Distance : 386 ft
|
|
Batting: SHB Victor Ruiz
|
0-0: Called Strike 0-1: Swinging Strike 0-2: Ball 1-2: Ground out 4-3 (Groundball, 4, EV 85.6 MPH)
|
|
Batting: SHB Ryan Buchbinder
|
0-0: Ball 1-0: Swinging Strike 1-1: Called Strike 1-2: Ball 2-2: Foul Ball, location: 2F 2-2: Foul Ball, location: 2F 2-2: Foul Ball, location: 2F 2-2: Foul Ball, location: 2F 2-2: Strikes out swinging
|
|
Batting: RHB Eric Davis
|
0-0: Swinging Strike 0-1: Foul Ball, location: 2F 0-2: Ball 1-2: Foul Ball, location: 2F 1-2: Ball 2-2: Strikes out swinging
|
| Top of the 7th over - 1 run, 1 hit, 0 errors, 0 left on base; Scranton WB 1 - Buffalo 2 |
| BOTTOM OF THE 7TH |
|
Buffalo Bisons batting - Pitching for Scranton WB RailRiders : RHP Leo Gonzales
|
|
Pitching: RHP Ricky Mercer
|
|
|
Batting: RHB Leo Mair
|
0-0: Ball 1-0: Ground out 4-3 (Groundball, 4, EV 90.6 MPH)
|
|
Batting: RHB Kyle Davis
|
0-0: Ball 1-0: SINGLE (Flyball, 9LS, EV 91.9 MPH)
|
|
Batting: SHB Bran Stark
|
0-0: Ball 1-0: SINGLE (Groundball, 34D, EV 105.6 MPH) Kyle Davis to second Kyle Davis to third
|
|
Batting: RHB Alex Ramos
|
0-0: Ball 1-0: Ball 2-0: Ball 3-0: Base on Balls Bran Stark to second
|
|
Batting: RHB Väinö Tapaninen
|
0-0: Ball 1-0: Swinging Strike 1-1: Ball 2-1: Foul Ball, location: 2F 2-2: Ball 3-2: Base on Balls Kyle Davis scores Bran Stark to third Alex Ramos to second
|
|
Batting: LHB Isto Mäyrä
|
0-0: Called Strike 0-1: Grounds into fielders choice 4-2 (Groundball, 4, EV 85.6 MPH) Alex Ramos to third Väinö Tapaninen to second
|
|
Batting: RHB Jamie Ogilvie
|
0-0: Ball 1-0: Ball 2-0: Called Strike 2-1: Foul Ball, location: 2F 2-2: Fly out, F7 (Flyball, 78S, EV 93.1 MPH)
|
| Bottom of the 7th over - 1 run, 2 hits, 0 errors, 3 left on base; Scranton WB 1 - Buffalo 3 |
| TOP OF THE 8TH |
|
Scranton WB RailRiders batting - Pitching for Buffalo Bisons : RHP Taek-gyun Kym
|
|
Batting: LHB Aaron Joyner
|
0-0: Ground out 4-3 (Groundball, 4, EV 106.2 MPH)
|
|
Batting: SHB Joe Fure
|
0-0: Ground out 4-3 (Groundball, 4, EV 86.9 MPH)
|
|
Batting: RHB Mike Gifford
|
0-0: Ball 1-0: Ball 2-0: Ball 3-0: Called Strike 3-1: Base on Balls
|
|
Batting: RHB Jerry Castro
|
0-0: Ball 1-0: Swinging Strike 1-1: Swinging Strike 1-2: Foul Ball, location: 2F 1-2: Ball 2-2: Strikes out swinging
|
| Top of the 8th over - 0 runs, 0 hits, 0 errors, 1 left on base; Scranton WB 1 - Buffalo 3 |
| BOTTOM OF THE 8TH |
|
Buffalo Bisons batting - Pitching for Scranton WB RailRiders : RHP Ricky Mercer
|
|
Pitching: RHP Jason Sterner
|
|
|
Batting: RHB Francisco Hernandez
|
0-0: Ball 1-0: Called Strike 1-1: Called Strike 1-2: Ball 2-2: Strikes out swinging
|
|
Batting: RHB Danny Heyer
|
0-0: Ball 1-0: Ball 2-0: Foul Ball, location: 2F 2-1: Swinging Strike 2-2: Fly out, F9 (Flyball, 9LD, EV 81.2 MPH)
|
|
Batting: RHB Leo Mair
|
0-0: Ball 1-0: Foul Ball, location: 2F 1-1: Ball 2-1: Foul Ball, location: 2F 2-2: Ball 3-2: Foul Ball, location: 2F 3-2: Foul Ball, location: 2F 3-2: Base on Balls
|
|
Batting: RHB Kyle Davis
|
0-0: Fly out, F9 (Flyball, 9, EV 90.0 MPH)
|
| Bottom of the 8th over - 0 runs, 0 hits, 0 errors, 1 left on base; Scranton WB 1 - Buffalo 3 |
| TOP OF THE 9TH |
|
Scranton WB RailRiders batting - Pitching for Buffalo Bisons : RHP Taek-gyun Kym
|
|
Pitching: LHP Mario Amore
|
|
|
Batting: RHB Devon Utley
|
0-0: Foul Ball, location: 2F 0-1: Called Strike 0-2: Ball 1-2: Fly out, F7 (Flyball, 78S, EV 93.8 MPH)
|
|
Batting: RHB Andy Wasierski
|
0-0: Ball 1-0: Foul Ball, location: 2F 1-1: Swinging Strike 1-2: Ball 2-2: Ball 3-2: Strikes out swinging
|
|
Batting: SHB Victor Ruiz
|
0-0: Ball 1-0: Swinging Strike 1-1: Called Strike 1-2: Foul Ball, location: 2F 1-2: Ball 2-2: Foul Ball, location: 2F 2-2: Foul Ball, location: 2F 2-2: Strikes out swinging
|
| Top of the 9th over - 0 runs, 0 hits, 0 errors, 0 left on base; Scranton WB 1 - Buffalo 3 |
|